 Dungeon Crawl Stone Soup version 0.26-a0-651-gb41185065b (webtiles) character file.

Game seed: 6405188359035165421

1169 Oca the Poker (level 8, -1/70 HPs)
             Began as a Minotaur Berserker on Oct 31, 2020.
             Was an Elder of Trog.
             Killed by nerve-wracking pain
             ... invoked by an orc priest
              (4 damage)
             ... on level 5 of the Dungeon on Apr 7, 2021.
             The game lasted 00:32:17 (4490 turns).

Oca the Poker (Minotaur Berserker)                  Turns: 4490, Time: 00:32:17

Health: -1/70      AC:  6    Str: 25    XL:     8   Next: 17%
Magic:  0/7        EV: 12    Int:  4    God:    Trog [****..]
Gold:   260        SH:  0    Dex:  9    Spells: 7/7 levels left

rFire    . . .     SeeInvis .   z - +3 quarterstaff (chaos)
rCold    . . .     Faith    .   (shield currently unavailable)
rNeg     + . .     Spirit   +   l - +0 ring mail
rPois    .         Reflect  .   (helmet restricted)
rElec    .         Harm     .   (no cloak)
rCorr    .         Rampage  .   (no gloves)
MR       .....                  (no boots)
Stlth    ..........             m - amulet of guardian spirit
HPRegen  0.21/turn              k - ring of flight
MPRegen  0.10/turn              r - ring of positive energy

@: no status effects
A: retaliatory headbutt, horns 2
a: Berserk, Trog's Hand, Brothers in Arms, Renounce Religion, Evoke Flight


You were on level 5 of the Dungeon.
You worshipped Trog.
Trog was greatly pleased with you.
You visited 2 branches of the dungeon, and saw 6 of its levels.

You collected 260 gold pieces.

Inventory:

Hand Weapons
 a - a +0 spear
 e - a +0 hunting sling
 u - a +0 flail of venom
 v - a +0 hand axe
 x - a +0 short sword
 z - a +3 quarterstaff of chaos (weapon)
 B - a +0 mace
 C - a +0 trident
 D - a +2 dagger of distortion
 J - a +3 great mace
Missiles
 c - 144 stones (quivered)
 h - 20 poisoned darts
 s - a throwing net
 M - 7 boomerangs of dispersal
Armour
 b - a +0 animal skin
 i - a +0 leather armour
 l - a +0 ring mail (worn)
 A - a +0 cloak of preservation
Jewellery
 k - a ring of flight (left hand)
 m - an amulet of guardian spirit (around neck)
 r - a ring of positive energy (right hand)
 L - an uncursed ring of flight
Wands
 q - a wand of random effects (15)
Scrolls
 d - 9 scrolls of identify
 g - a scroll of teleportation {unknown}
 j - 6 scrolls of remove curse {unknown}
 t - 3 scrolls of noise {unknown}
 w - a scroll of fear {unknown}
 y - a scroll of magic mapping {unknown}
 H - a scroll of immolation {unknown}
 I - a scroll of fog {unknown}
 K - a scroll of amnesia {unknown}
Potions
 f - a potion of resistance {unknown}
 n - a potion of haste {unknown}
 o - a potion of heal wounds {unknown}
 p - 2 potions of brilliance {unknown}
 E - 2 potions of curing {unknown}
 F - a potion of lignification {unknown}
 G - a potion of might {unknown}


   Skills:
 + Level 5.7 Fighting
 + Level 1.7 Short Blades
 + Level 4.3(6.2) Axes
 + Level 6.9(7.6) Polearms
 + Level 1.0(4.4) Staves
 + Level 6.5 Armour
 + Level 3.8 Dodging
 + Level 0.2 Stealth
 + Level 0.2 Evocations


You had 7 spell levels left.
You didn't know any spells.
Your spell library contained the following spells:

 Spells                   Type           Power        Failure   Level
 Magic Dart               Conj           #...         63%         1
 Blink                    Tloc           N/A          77%         2
 Call Imp                 Summ           #.......     77%         2
 Slow                     Hex            #.......     77%         2
 Confusing Touch          Hex            #.......     94%         3
 Conjure Flame            Conj/Fire      #.......     94%         3
 Gell's Gravitas          Tloc           #.........   94%         3
 Mephitic Cloud           Conj/Pois/Air  #.......     94%         3
 Petrify                  Tmut/Erth      #.......     100%        4
 Metabolic Englaciation   Hex/Ice        #.........   100%        5
 Yara's Violent Unravell  Hex/Tmut       #.........   100%        5


Dungeon Overview and Level Annotations

Branches:
Dungeon (5/15)             Temple (1/1) D:4

Altars:
Ashenzari
Cheibriados
Dithmenos
Elyvilon
Fedhas
Gozag
Hepliaklqana
Kikubaaqudgha
Makhleb
Nemelex Xobeh
Okawaru
Qazlal
Ru
Sif Muna
Trog
Uskayaw
Vehumet
Wu Jian
Xom
Yredelemnul
Zin
The Shining One

Annotations:
Abyss:1 Lanoc's ghost, amateur TrSu


Innate Abilities, Weirdness & Mutations

You reflexively headbutt those who attack you in melee.
You have a pair of horns on your head.


Message History

The centaur shoots an arrow.
The arrow hits you!
* * * LOW HITPOINT WARNING * * *
The centaur shoots an arrow.
The arrow hits you.
* * * LOW HITPOINT WARNING * * *
You see here an arrow.
The orc wizard casts a spell at you. You resist with some effort.
The centaur shoots an arrow.
The arrow misses you.
The orc wizard casts a spell.
The orc wizard flickers and vanishes!
Deactivating autopickup; reactivate with Ctrl-A.
You see here an arrow.
The orc priest mumbles some strange prayers to Beogh against you.
Beogh smites you!
* * * LOW HITPOINT WARNING * * *
The orc wizard gestures wildly while chanting.
The orc wizard blinks!
The orc priest calls down the wrath of Beogh upon you.
Pain shoots through your body!
You die...

##...#..#### .#
...........##.##
##...#..#....#.####
###...#....#........
....o..##...###.###
##..##.###..# #
####..##.####.###.#
..............)...#
######@.########.#
#..# # #..# #..#
#o§########c
#{.c(....c..
.......######...
####.... #...##


You could see a centaur and an orc priest.

Vanquished Creatures
  2 ogres
  A phantom (D:5)
  A bullfrog (D:2)
  A scorpion (D:4)
  A howler monkey (D:4)
  A centaur skeleton (D:4)
  A hound (D:5)
  5 orc priests
  4 orc wizards
  Crazy Yiuf (D:3)
  Jessica (D:3)
  A worker ant (D:4)
  8 adders
  4 gnolls (D:3)
  An ooze (D:4)
  A worm (D:2)
  2 dart slugs
  3 leopard geckos
  27 orcs
  3 giant cockroaches
  9 goblins
  4 hobgoblins
  3 jackals (D:4)
  10 kobolds
  3 quokkas
  3 ball pythons
  6 bats
  5 frilled lizards
  9 rats
121 creatures vanquished.

Vanquished Creatures (collateral kills)
  An orc (D:4)
1 creature vanquished.

Grand Total: 122 creatures vanquished

Notes
Turn   | Place    | Note
-------+----------+-------------------------------------------
     0 | D:1      | Oca the Minotaur Berserker began the quest for the Orb.
     0 | D:1      | Reached XP level 1. HP: 19/19 MP: 0/0
    33 | D:1      | You fall into a shaft and drop 1 floor!
   104 | D:1      | Reached XP level 2. HP: 4/27 MP: 1/1
   479 | D:1      | You fall into a shaft and drop 1 floor!
   553 | D:2      | Reached XP level 3. HP: 32/33 MP: 2/2
  1055 | D:2      | Reached ** piety under Trog
  1249 | D:2      | Noticed a bullfrog
  1259 | D:2      | Killed a bullfrog
  1259 | D:2      | Reached skill level 5 in Polearms
  1259 | D:2      | Reached XP level 4. HP: 31/41 MP: 3/3
  1675 | D:3      | Reached XP level 5. HP: 47/47 MP: 4/4
  1715 | D:3      | Noticed Jessica
  1727 | D:3      | Killed Jessica
  1730 | D:3      | Reached skill level 5 in Fighting
  1948 | D:3      | Reached XP level 6. HP: 42/56 MP: 5/5
  2166 | D:3      | Found a runed translucent door.
  2168 | D:3      | Noticed Crazy Yiuf
  2208 | D:3      | Killed Crazy Yiuf
  2343 | D:3      | Reached *** piety under Trog
  2567 | D:3      | Reached skill level 1 in Axes
  3340 | D:4      | Reached XP level 7. HP: 32/61 MP: 4/6
  3554 | D:4      | Found a shimmering blue altar of Sif Muna.
  3630 | D:4      | Reached skill level 5 in Armour
  3750 | D:4      | Reached skill level 1 in Short Blades
  3942 | D:4      | Found a transporter.
  3946 | D:4      | Found a transporter.
  3946 | D:4      | Noticed Lanoc's ghost (amateur TrSu)
  3973 | D:4      | Banished Lanoc's ghost
  4078 | D:4      | Found a staircase to the Ecumenical Temple.
  4093 | Temple   | Entered the Ecumenical Temple
  4415 | D:5      | Entered Level 5 of the Dungeon
  4422 | D:5      | Reached **** piety under Trog
  4435 | D:5      | Reached XP level 8. HP: 68/69 MP: 7/7
  4442 | D:5      | Reached skill level 1 in Staves
  4488 | D:5      | HP: 3/70 [orc priest/divine providence (9)]
  4490 | D:5      | Killed from afar by an orc priest

Illustrated notes

Levels and vault maps discovered:
D:1:      dpeg_arrival_another_circle, layout_basic
D:2:      layout_loops_ring
D:3:      layout_basic, minmay_circle_x, uniq_jessica, uniq_crazy_yiuf_cottage
D:4:      layout_basic, kennysheep_mini, minmay_temple_entry_offerings,
          gammafunk_ghost_smash, minmay_close_crescents
D:5:      layout_loops_ring, nicolae_ossuary_entry_monument, okawaru_trees_1,
          uniq_duvessa, uniq_edmund, uniq_pikel
Temple:   roderic_octagonal_lattice_temple

Skill      XL: |  1  2  3  4  5  6  7  8 |
---------------+-------------------------+-----
Fighting       | 4 5 |  5.7
Polearms       | 4 5 6 |  6.9
Armour         | 3 4 6 |  6.5
Dodging        | 3 |  3.8
Axes           | 2 3 4 |  4.3
Short Blades   | 1 |  1.7
Staves         | 1 |  1.0
Stealth        | |  0.2
Evocations     | |  0.2

Action                   |  1- 3 |  4- 6 |  7- 9 || total
-------------------------+-------+-------+-------++-------
Melee: Spear             |    98 |    98 |       ||   196
       Headbutt          |    13 |    34 |     7 ||    54
       Hand axe          |       |    36 |       ||    36
       Dagger            |       |    31 |    35 ||    66
       Quarterstaff      |       |       |    32 ||    32
Invok: Berserk           |     2 |     4 |     2 ||     8
       Trog's Hand       |       |       |     1 ||     1
 Abil: Evoke Flight      |       |     1 |       ||     1
  Use: Scroll            |       |     1 |       ||     1
 Stab: Paralysed         |       |       |     1 ||     1
Armor: Animal skin       |     4 |       |       ||     4
       Ring mail         |    12 |    37 |    22 ||    71
Dodge: Dodged            |    57 |    77 |    43 ||   177

Table legend: (Time is in decaauts)
 A = Elapsed time spent in this place.
 B = Non-inter-level travel time spent in this place.
 C = Inter-level travel time spent in this place.
 D = Time resting spent in this place.
 E = Time spent auto-exploring this place.
 F = Levels seen in this place.
 G = Mean time per level.
                   A        B        C        D        E       F      G
               +--------+--------+--------+--------+--------+-----+--------+
         Total |   4544 |   4125 |    419 |      0 |   2925 |   6 |  757.3 |
       Dungeon |   4284 |   3899 |    385 |      0 |   2702 |   5 |  856.8 |
        Temple |    260 |    226 |     34 |      0 |    223 |   1 |  260.0 |
               +--------+--------+--------+--------+--------+-----+--------+

Top non-repeatable levels by time:
     D:3: 1419 daAuts
     D:4: 1156 daAuts
     D:1: 846 daAuts
     D:2: 777 daAuts
  Temple: 260 daAuts
     D:5: 84 daAuts
